Map: Acid Plant LE

Players

Harstem

  • Race: Protoss Protoss
  • Spawn Location: 5:00

Nerchio - Winner!

  • Race: Zerg Zerg
  • Spawn Location: 11:00

Event: WCS Valencia 2018

VOD

Have the link to the VOD?

Description

Time

  • Played on: July 13, 2018, 12:51 p.m.
  • Length: 16:38

All games in this series

Show
View Real Time Build Order
Export as new Build Order

Harstem Protoss 

Build Orders: 1 Gate Expand, Archon Immortal, Zealot Archon, Archon Drop 

Get SALT Encoding   

  12  0:00  Probe  
  13  0:13  Probe  
  14  0:18  Pylon  
  14  0:25  Probe  
  15  0:34  Probe  
  15  0:38  Gateway  
  15  0:42  Probe  
  16  0:48  Assimilator  
  17  0:51  Probe  
  18  1:03  Probe  
  19  1:15  Probe  
  20  1:23  Nexus  
  20  1:33  Cybernetics Core  
  20  1:36  Probe  
  21  1:42  Assimilator  
  21  1:48  Probe  
  21  1:53  Pylon  
  22  2:01  Probe  
  23  2:02  Stalker  
  23  2:13  Probe  
  26  2:21  Robotics Facility  
  26  2:25  Probe  
  27  2:31  Adept  
  27  2:33  Probe  
  27  2:34  Warp Gate  
  27  2:36  Probe  
  30  2:42  Probe  
  31  2:44  Probe  
  31  2:50  Probe  
  33  2:55  Gateway  
  33  2:56  Probe  
  35  3:00  Immortal  
  41  3:16  Gateway  
  40  3:22  Gateway  
  40  3:26  Probe  
  40  3:28  Twilight Council  
  40  3:29  Warp Prism  
  40  3:30  Probe  
  41  3:40  Probe  
  44  3:45  Pylon  
  44  3:47  Assimilator  
  44  3:49  Probe  
  44  3:52  Probe  
  44  3:55  Assimilator  
  46  3:59  Pylon  
  46  4:03  Probe  
  46  4:04  Probe  
  48  4:11  Templar Archives  
  48  4:15  Probe  
  48  4:16  Probe  
  50  4:21  Pylon  
  50  4:28  Probe  
  50  4:31  Probe  
  52  4:37  Zealot x4  
  60  4:40  Probe  
  60  4:43  Probe, Pylon  
  63  4:57  High Templar x2  
  63  4:58  High Templar  
  69  5:00  High Templar  
  69  5:04  Probe  
  69  5:05  Archon x2  
  71  5:17  Nexus  
  71  5:18  Charge  
  71  5:20  Pylon  
  70  5:31  Zealot x3  
  70  5:35  Zealot  
  78  5:42  Gateway  
  76  5:43  Gateway  
  74  5:53  Probe  
  74  5:55  Immortal  
  74  5:56  Probe  
  68  6:02  Gateway  
  64  6:05  Probe  
  64  6:07  Gateway  
  64  6:09  Probe  
  64  6:11  Pylon  
  70  6:13  Sentry x2  
  70  6:17  Probe  
  75  6:18  High Templar x2  
  75  6:21  Probe  
  75  6:24  Archon  
  80  6:27  Pylon  
  80  6:28  Observer  
  80  6:29  Probe  
  80  6:30  Probe  
  80  6:31  Shield Battery  
  82  6:39  Probe  
  83  6:40  Zealot  
  83  6:43  Probe  
  87  6:47  High Templar x2  
  87  6:48  Zealot  
  87  6:51  Archon, Pylon  
  87  6:52  Zealot x2  
  87  6:53  Probe  
  100  7:07  Forge  
  98  7:08  Zealot x2  
  98  7:09  Zealot x2  
  98  7:14  Zealot x2  
  98  7:15  Probe x2  
  110  7:18  Assimilator  
  110  7:23  Probe, Pylon  
  110  7:29  Probe  
  112  7:30  Probe  
  112  7:35  Zealot x5  
  123  7:40  Zealot x2  
  119  7:48  Probe  
  119  7:50  Zealot  
  118  7:51  Probe  
  118  7:56  Zealot x5  
  118  7:58  Probe  
  122  8:00  Probe  
  122  8:04  Psionic Storm  
  99  8:08  Probe  
  99  8:09  Protoss Ground Weapons Level 1  
  99  8:10  Zealot  
  99  8:11  Zealot x2  
  102  8:17  Probe  
  102  8:19  High Templar x3  
  91  8:24  Assimilator  
  91  8:29  High Templar x2  
  91  8:30  Immortal  
  91  8:33  Zealot x2  
  91  8:34  Archon  
  103  8:37  Zealot  
  103  8:39  Shield Battery  
  103  8:45  Shield Battery  
  101  8:51  Shield Battery  
  101  8:53  Zealot x4  
  108  8:56  Archon  
  108  9:00  Zealot x2  
  108  9:01  Probe  
  108  9:07  Zealot x2  
  108  9:13  Zealot x2  
  111  9:20  Zealot x2  
  115  9:24  High Templar  
  115  9:28  High Templar  
  115  9:35  Archon  
  115  9:37  Zealot x4  
  113  9:43  Zealot x2  
  113  9:44  Probe  
  96  9:45  Immortal  
  96  9:49  Protoss Ground Weapons Level 2  
  90  9:57  Zealot x2  
  96  10:00  Assimilator  
  96  10:02  High Templar x2  
  96  10:03  Zealot, High Templar x2  
  106  10:07  Archon x2  
  106  10:09  Zealot  
  106  10:12  Pylon  
  108  10:17  Warp Prism  
  108  10:19  High Templar  
  108  10:20  High Templar  
  108  10:21  Probe  
  115  10:30  Zealot x2  
  115  10:33  Photon Cannon  
  119  10:39  Zealot, High Templar x2  
  119  10:42  Photon Cannon  
  125  10:43  Archon  
  125  10:45  Pylon  
  125  10:48  Pylon  
  125  11:02  Pylon  
  125  11:04  Pylon  
  125  11:06  High Templar x2  
  125  11:07  Zealot x4  
  137  11:11  Archon  
  137  11:17  High Templar x2  
  141  11:23  Archon  
  141  11:28  Zealot  
  141  11:30  Nexus  
  141  11:31  High Templar  
  141  11:32  Zealot x2  
  147  11:41  Zealot x2  
  151  11:50  High Templar x2  
  151  11:53  Gateway  
  147  11:54  Gateway  
  147  11:55  Pylon  
  147  11:56  Pylon  
  147  12:01  Observer  
  143  12:07  High Templar  
  143  12:08  Zealot x4, High Templar  
  155  12:16  Archon, Pylon  
  155  12:19  Pylon  
  155  12:21  Immortal  
  133  12:39  Zealot x6  
  133  12:46  Archon x2  
  133  12:47  Protoss Ground Weapons Level 3  
  133  12:50  Zealot x2  
  112  12:57  Probe  
  99  13:01  High Templar x4  
  99  13:02  Zealot x2  
  103  13:13  Immortal  
  103  13:18  High Templar  
  103  13:19  High Templar  
  99  13:21  Zealot x2  
  99  13:23  Archon  
  99  13:24  Zealot x2  
  111  13:35  Probe  
  111  13:36  Probe x3  
  111  13:39  Assimilator  
  111  13:40  Assimilator  
  115  13:43  Immortal  
  115  13:44  High Templar x2  
  119  13:48  Archon  
  119  13:51  Zealot x2  
  127  14:03  Shield Battery, High Templar x2  
  127  14:04  Zealot x3  
  127  14:05  Pylon  
  127  14:08  Archon  
  131  14:16  Zealot x3  
  135  14:17  Observer  
  136  14:26  High Templar x2  
  140  14:38  High Templar x2  
  140  14:39  Zealot  
  140  14:43  Archon  
  140  14:44  Photon Cannon  
  142  14:46  Photon Cannon  
  142  14:48  Shield Battery  
  142  14:52  Zealot x2  
  144  14:53  Zealot x2, Pylon  
  133  15:00  Zealot x4  
  133  15:01  Probe x4  
  117  15:13  Probe x4  
  116  15:23  High Templar x3  
  116  15:24  High Templar  
  125  15:29  Archon x2  
  125  15:30  High Templar  
  125  15:31  Probe  
  125  15:33  High Templar  
  129  15:49  Zealot x3  
  99  16:05  Zealot x3  
  91  16:23  High Templar x4  
  99  16:30  Archon x2  
  85  16:33  Zealot  
  85  16:34  Zealot x3  
Show
View Real Time Build Order
Export as new Build Order

Nerchio Zerg - Winner!

Build Orders: Hatch First 

Get SALT Encoding   

  12  0:00  Drone  
  13  0:13  Overlord  
  13  0:16  Drone  
  14  0:31  Drone x2  
  16  0:48  Hatchery  
  15  0:52  Drone  
  15  0:55  Drone  
  17  0:59  Drone  
  18  1:10  Extractor  
  17  1:14  Spawning Pool  
  17  1:17  Drone  
  17  1:21  Drone  
  18  1:28  Drone  
  19  1:39  Overlord  
  19  1:50  Drone  
  20  2:01  Zergling x2, Queen x2  
  20  2:03  Zergling x2  
  26  2:09  Metabolic Boost  
  26  2:13  Drone  
  27  2:16  Drone  
  28  2:23  Drone x2  
  30  2:39  Hatchery  
  30  2:42  Drone  
  30  2:46  Drone x2  
  32  2:52  Overlord  
  32  2:59  Queen  
  32  3:01  Drone  
  35  3:06  Drone  
  35  3:12  Drone x4  
  40  3:14  Spore Crawler  
  40  3:17  Drone  
  40  3:19  Drone  
  41  3:21  Drone  
  41  3:25  Overlord  
  42  3:27  Drone  
  42  3:33  Overlord  
  43  3:43  Lair  
  43  3:46  Drone x5  
  48  3:49  Extractor  
  48  3:51  Extractor  
  48  3:52  Queen  
  48  3:54  Drone  
  49  3:57  Drone  
  49  3:58  Drone  
  51  4:06  Drone x5  
  51  4:08  Drone  
  57  4:12  Overlord  
  57  4:17  Overlord  
  57  4:22  Queen  
  59  4:25  Drone x3  
  62  4:36  Zergling x2  
  62  4:37  Zergling x10, Spore Crawler  
  67  4:41  Zergling x2  
  67  4:42  Hydralisk Den  
  67  4:43  Zergling x2  
  67  4:44  Zergling x2  
  69  4:46  Zergling x2  
  69  4:47  Zergling x2  
  69  4:50  Overlord  
  71  4:54  Overlord  
  71  4:57  Overlord  
  71  5:03  Overlord  
  70  5:11  Hydralisk x4  
  80  5:14  Hydralisk  
  80  5:17  Hydralisk  
  80  5:20  Hydralisk  
  86  5:25  Hydralisk  
  86  5:26  Hydralisk  
  90  5:30  Zergling x6  
  91  5:36  Hydralisk x3  
  91  5:39  Zergling x2  
  96  5:44  Overlord  
  96  5:46  Hydralisk  
  96  5:53  Zergling x10  
  96  5:57  Drone x3  
  91  6:00  Muscular Augments  
  89  6:05  Drone  
  89  6:06  Drone x2  
  92  6:12  Hydralisk x2  
  92  6:13  Overseer  
  92  6:17  Evolution Chamber  
  95  6:32  Drone x6  
  101  6:34  Extractor  
  101  6:37  Extractor  
  101  6:39  Drone  
  101  6:40  Drone x3  
  101  6:41  Overlord  
  102  6:47  Drone x2  
  102  6:48  Overlord, Baneling Nest  
  102  6:52  Zerg Melee Weapons Level 1  
  103  6:58  Hydralisk x2  
  103  7:01  Hatchery  
  106  7:02  Overseer  
  106  7:04  Hydralisk  
  106  7:08  Hydralisk  
  108  7:11  Grooved Spines  
  108  7:14  Zergling x2  
  108  7:15  Zergling x16  
  119  7:16  Hydralisk  
  119  7:22  Overlord x2  
  121  7:25  Hydralisk  
  121  7:26  Hydralisk  
  121  7:28  Hydralisk  
  121  7:29  Zergling x2  
  128  7:33  Zergling x4  
  128  7:35  Zergling x4  
  132  7:42  Hydralisk x3  
  132  7:43  Zergling x2  
  131  7:45  Hydralisk  
  131  7:47  Zergling x2  
  131  7:49  Zergling x4  
  126  7:52  Hydralisk  
  126  7:55  Hydralisk x2  
  126  7:58  Hydralisk  
  114  8:00  Zergling x4  
  114  8:05  Hydralisk x2  
  103  8:07  Hydralisk  
  103  8:09  Zergling x2  
  103  8:11  Zergling x2  
  102  8:14  Zergling x4  
  102  8:19  Drone  
  90  8:21  Drone  
  90  8:24  Drone  
  92  8:27  Drone  
  92  8:29  Drone  
  92  8:33  Zergling x2  
  92  8:34  Zergling x4  
  96  8:35  Zergling x2  
  96  8:37  Zergling x2  
  96  8:38  Zergling x2  
  96  8:40  Zergling x2  
  101  8:41  Zergling x2  
  101  8:43  Zergling x2  
  101  8:45  Baneling x3  
  101  8:46  Baneling  
  101  8:48  Zergling x2  
  102  8:50  Zergling x2  
  102  8:51  Zergling x2  
  102  8:53  Zergling x4  
  106  8:57  Zergling x6  
  106  9:01  Zergling x6  
  110  9:06  Zergling x2  
  110  9:07  Zergling x6  
  112  9:15  Zergling x6  
  115  9:20  Drone  
  115  9:21  Queen  
  113  9:25  Baneling x6  
  113  9:26  Drone x3  
  113  9:30  Drone  
  99  9:42  Hydralisk  
  84  9:46  Hydralisk  
  77  9:55  Drone  
  77  9:56  Drone x7  
  77  9:57  Drone, Queen  
  77  9:59  Queen x2  
  90  10:00  Drone  
  90  10:02  Queen  
  90  10:06  Drone  
  90  10:07  Drone x2  
  98  10:13  Drone  
  99  10:20  Zerg Melee Weapons Level 2  
  99  10:21  Hatchery  
  99  10:23  Hydralisk x3  
  99  10:27  Hydralisk  
  106  10:30  Extractor, Hydralisk  
  107  10:38  Hydralisk x2  
  107  10:42  Drone x6  
  117  10:49  Hydralisk x2  
  121  10:52  Hydralisk x2  
  121  10:54  Overlord  
  125  11:01  Overlord  
  125  11:02  Extractor  
  125  11:04  Centrifical Hooks, Zergling x6  
  126  11:07  Zergling x4  
  126  11:09  Zergling x6  
  126  11:10  Zergling x8  
  136  11:11  Zergling x2  
  136  11:13  Zergling x4  
  139  11:20  Hydralisk x4  
  139  11:23  Hydralisk x2  
  151  11:26  Baneling x3  
  151  11:28  Hydralisk  
  153  11:33  Evolution Chamber  
  153  11:36  Overlord  
  152  11:40  Hydralisk x4  
  152  11:43  Overlord  
  152  11:45  Hydralisk  
  152  11:46  Hydralisk  
  164  11:48  Zergling x10  
  164  11:53  Overlord  
  165  12:00  Zerg Missile Weapons Level 1, Infestation Pit  
  165  12:01  Zergling x10  
  169  12:03  Baneling x4  
  169  12:04  Baneling  
  169  12:06  Baneling  
  169  12:07  Baneling x6  
  169  12:08  Zergling x2  
  171  12:12  Hydralisk x2  
  175  12:20  Zergling x14  
  182  12:23  Overlord  
  182  12:29  Hydralisk x3  
  171  12:34  Hydralisk  
  171  12:35  Hydralisk  
  167  12:37  Zergling x2  
  167  12:38  Zergling x4  
  167  12:41  Hydralisk  
  147  12:48  Zergling x10  
  147  12:49  Zergling x2  
  126  12:52  Zergling x6  
  123  12:59  Hydralisk x2  
  123  13:00  Drone  
  123  13:02  Drone  
  123  13:04  Drone  
  130  13:09  Hydralisk x2  
  134  13:15  Hydralisk  
  134  13:19  Hydralisk x3  
  140  13:26  Drone x2  
  140  13:27  Drone x2  
  144  13:31  Zerg Ground Armor Level 1  
  144  13:32  Infestation Pit  
  144  13:34  Drone x3  
  144  13:35  Drone  
  144  13:37  Pneumatized Carapace  
  147  13:45  Baneling x13  
  147  13:46  Zergling x2  
  148  13:49  Zergling x4  
  148  13:51  Zergling x2  
  148  13:52  Zergling x4  
  153  13:56  Drone x2  
  155  14:04  Zergling x8  
  155  14:09  Zergling x10  
  163  14:10  Zergling x2  
  163  14:14  Overlord  
  164  14:18  Hive  
  164  14:20  Spire  
  164  14:24  Baneling x8  
  163  14:25  Baneling x2  
  163  14:26  Baneling x2  
  163  14:27  Baneling  
  163  14:30  Hatchery  
  162  14:37  Zergling x20  
  172  14:40  Overlord  
  172  14:58  Hydralisk x3  
  172  14:59  Hydralisk x2  
  173  15:03  Zergling x2  
  173  15:04  Zergling x24  
  180  15:07  Hydralisk x3  
  180  15:10  Hydralisk  
  180  15:13  Baneling x8  
  181  15:17  Zergling x8  
  181  15:18  Baneling x3  
  181  15:19  Baneling x2  
  181  15:20  Baneling  
  179  15:33  Zergling x6  
  179  15:35  Baneling x25  
  181  15:44  Zergling x4  
  181  15:45  Zergling x16  
  181  15:48  Zergling x2  
  187  15:54  Baneling x13  
  185  16:04  Hydralisk x6  
  165  16:05  Hydralisk  
  170  16:16  Zergling x20  
Tags
 
Add a new tag
Caveats
  • Supply blocks, unpowered buildings, or Contaminate may cause inaccurate times.
  • Supply counts are checked every 10 seconds.